 Dungeon Crawl Stone Soup version 0.29-a0-993-g4a18f31a58 (webtiles) character file.

Game seed: 1919920537278262744

32 siradein the Trooper (level 3, 0/45 HPs)
             Began as a Barachi Berserker on Aug 3, 2022.
             Was a Follower of Trog.
             Slain by a worm (3 damage)
             ... on level 1 of the Dungeon.
             The game lasted 00:04:22 (1500 turns).

siradein the Trooper (Barachi Berserker)            Turns: 1500, Time: 00:04:23

Health: 0/45       AC:  3    Str: 18    XL:     3   Next: 25%
Magic:  3/3        EV: 12    Int:  7    God:    Trog [*.....]
Gold:   60         SH:  0    Dex: 13    Spells: 2/2 levels left

rFire   . . .      SeeInvis .   a - +0 falchion
rCold   . . .      Faith    .   (no shield)
rNeg    . . .      Spirit   .   h - +1 robe {Will+}
rPois   .          Reflect  .   (no helmet)
rElec   .          Harm     .   (no cloak)
rCorr   .          Rampage  .   (no gloves)
Will    +....                   (no boots)
Stlth   ..........              (no amulet)
HPRegen 0.15/turn               (no ring)
MPRegen 0.08/turn               (no ring)

@: berserking, unable to hop, quick
A: amphibious, slowness 1, strong legs 1, +LOS
a: Hop, Renounce Religion, Berserk


You were on level 1 of the Dungeon.
You worshipped Trog.
Trog was aware of your devotion.
You visited 1 branch of the dungeon, and saw 2 of its levels.

You collected 60 gold pieces.

Inventory:

Hand Weapons
 a - a +0 falchion (weapon)
Missiles
 b - 6 boomerangs
 e - 15 stones (quivered)
Armour
 h - a +1 robe of willpower (worn)
Jewellery
 c - a ring of ice
Potions
 d - a potion of flight {unknown}
 f - 2 potions of berserk rage {unknown}
 g - a potion of curing {unknown}


   Skills:
 + Level 4.0 Fighting
 + Level 4.0 Long Blades
 + Level 3.1 Armour
 + Level 2.7 Dodging


You had 2 spell levels left.
You didn't know any spells.
Your spell library was empty.

Dungeon Overview and Level Annotations

Branches:
Dungeon (2/15)

Altars:


Innate Abilities, Weirdness & Mutations

You are amphibious.
You cover ground slowly.
You can hop short distances.
You have an extended range of vision and can be seen from far away.


Message History

You are too injured to fight recklessly!
You are too injured to fight recklessly!
You are too injured to fight recklessly!
You hit the kobold but do no damage. The kobold barely misses you.
The kobold hits you but does no damage.
You closely miss the kobold. The kobold closely misses you.
You hit the kobold.
You kill the kobold!
Trog accepts your kill. The worm closely misses you.
Things that are here:
a +0 short sword; a stone; a kobold corpse You slash the worm!
The worm is heavily wounded.
You hit the worm.
The worm is heavily wounded.
The worm bites you.
You hit the worm.
The worm is severely wounded.
The worm barely misses you.
You completely miss the worm.
The worm is severely wounded.
The worm closely misses you.
You completely miss the worm.
The worm is heavily wounded.
You hit the worm but do no damage.
The worm is heavily wounded.
The worm bites you!
* * * LOW HITPOINT WARNING * * *
A red film seems to cover your vision as you go berserk!
You feel yourself moving faster!
You feel mighty!
You barely miss the worm.
The worm is heavily wounded.
The worm bites you but does no damage.
You slash the worm!
The worm is almost dead.
You barely miss the worm.
The worm is almost dead.
The worm bites you.
You die...

#######.#
#.(#####..##.#......#
........#
#......#..##.#....).#
#########
#.#.#.##.....#.######
##############.#.###.####.#
.................# #.#
#.#######
###############.## #.#
#.#...... #..# #.#
#.#.##... ##.# #.#
#.#.##... #@# #.# #.#.##...
#w# #.# #.#.##... #.# #.#
#.#.##... #########
#.###.####.#.##...
........#
#..##.##..........
........#
##.##.##.........#
........# #..#.##.........#
........# ##.#.####...)#.##
........# #...# ####.#.#


You could see a worm.

Vanquished Creatures
  3 ball pythons (D:1)
  3 bats (D:1)
  An endoplasm (D:1)
  A giant cockroach (D:1)
  2 goblins (D:1)
  4 hobgoblins (D:1)
  6 jackals (D:1)
  3 kobolds (D:1)
  A quokka (D:1)
  2 frilled lizards (D:1)
  A rat (D:1)
27 creatures vanquished.

Notes
Turn   | Place    | Note
-------+----------+-------------------------------------------
     0 | D:1      | siradein the Barachi Berserker began the quest for the Orb.
     0 | D:1      | Reached XP level 1. HP: 18/18 MP: 1/1
   150 | D:1      | Reached XP level 2. HP: 16/25 MP: 2/2
   576 | D:1      | Found a faded altar of an unknown god.
   906 | D:1      | Reached XP level 3. HP: 23/30 MP: 3/3
  1496 | D:1      | HP: 1/30 [worm (9)]
  1500 | D:1      | Slain by a worm

Illustrated notes

Levels and vault maps discovered:
D:1:      tarquinn_simple_flora_water_a, layout_basic,
          dreamdust_ecumenical_altar_statues
D:2:      layout_loops_ring, basic_altar, grunt_ministairs_3, uniq_terence

Skill      XL: |  1  2 |
---------------+-------+-----
Armour         | 3 |  3.1
Fighting       | 4 |  4.0
Long Blades    | 4 |  4.0
Dodging        | |  2.7

Action                   || total
-------------------------++-------
Melee: Falchion          ||   118
Invok: Berserk           ||     1
 Abil: Hop               ||     1
Armor: Animal skin       ||    14
       Robe              ||    22
Dodge: Dodged            ||    69

Table legend: (Time is in decaauts)
 A = Elapsed time spent in this place.
 B = Non-inter-level travel time spent in this place.
 C = Inter-level travel time spent in this place.
 D = Time resting spent in this place.
 E = Time spent auto-exploring this place.
 F = Levels seen in this place.
 G = Mean time per level.
                   A        B        C        D        E       F      G
               +--------+--------+--------+--------+--------+-----+--------+
         Total |   1676 |   1476 |    200 |      0 |   1174 |   2 |  838.0 |
       Dungeon |   1676 |   1476 |    200 |      0 |   1174 |   2 |  838.0 |
               +--------+--------+--------+--------+--------+-----+--------+

Top non-repeatable levels by time:
     D:1: 1666 daAuts
     D:2: 10 daAuts
